 Dungeon Crawl Stone Soup version 0.27.1-37-g7b29ead8ac (webtiles) character file.

Game seed: 17012190882786422845

373 AarnesTheHuman the Changer (level 6, -2/38 HPs)
             Began as an Octopode Transmuter on Sept 4, 2023.
             Was an Initiate of Gozag.
             Killed by divine providence
             ... invoked by an orc priest
              (14 damage)
             ... on level 5 of the Dungeon.
             The game lasted 00:17:07 (5820 turns).

AarnesTheHuman the Changer (Octopode Transmuter)    Turns: 5820, Time: 00:17:07

Health: -2/38      AC:  1    Str: 10    XL:     6   Next: 71%
Magic:  8/10       EV: 13    Int: 17    God:    Gozag
Gold:   56         SH:  5    Dex: 12    Spells: 2/11 levels left

rFire    . . .     SeeInvis .   a - +4 dagger
rCold    . . .     Faith    .   (no shield)
rNeg     . . .     Spirit   .   (helmet currently unavailable)
rPois    .         Reflect  +   m - amulet of reflection
rElec    .         Harm     .   (no ring)
rCorr    .         Rampage  .   (no ring)
Will     .....                  (no ring)
Stlth    +++.......             (no ring)
HPRegen  0.12/turn              (no ring)
MPRegen  0.12/turn              (no ring)
                                (no ring)
                                (no ring)

@: appendages (expiring), wereblooded, gold aura
A: tentacle spike 3, almost no armour, amphibious, 8 rings, camouflage 1,
gelatinous body 1, (nimble swimmer 1), tentacles
a: End Transformation, Renounce Religion, Potion Petition, Call Merchant, Bribe
Branch


You were on level 5 of the Dungeon.
You worshipped Gozag.
Gozag was noncommittal.
One of your tentacles had grown a beastly spike.
You visited 2 branches of the dungeon, and saw 6 of its levels.
You also visited: Ossuary.

You collected 92 gold pieces.
You paid 36 gold pieces to Gozag.

Inventory:

Hand Weapons
 a - a +4 dagger (weapon)
 b - a +0 hunting sling of flaming
Missiles
 c - 3 poisoned darts (quivered)
 i - 31 sling bullets
Armour
 d - a +2 buckler
Jewellery
 m - an amulet of reflection (around mantle)
Wands
 n - a wand of iceblast (2)
Scrolls
 e - 2 scrolls of blinking
 g - 2 scrolls of fog
 j - 2 scrolls of identify
 q - a scroll of enchant weapon
 r - a scroll of enchant armour {unknown}
 s - a scroll of teleportation {unknown}
Potions
 f - a potion of mutation {unknown}
 h - a potion of degeneration {unknown}
 k - 3 potions of curing
 l - a potion of resistance {unknown}
 o - a potion of flight {unknown}
 p - 2 potions of haste


   Skills:
 - Level 1.0 Fighting
 - Level 2.0 Dodging
 - Level 1.0 Stealth
 - Level 1.0 Shields
 - Level 3.0 Unarmed Combat
 - Level 3.0 Spellcasting
 + Level 4.6 Transmutations
 + Level 3.8 Ice Magic


You had 2 spell levels left.
You knew the following spells:

 Your Spells              Type           Power      Damage    Failure   Level
a - Beastly Appendage     Tmut           36%        N/A       2%          1
b - Wereblood             Tmut           18%        N/A       3%          2
c - Ice Form              Ice/Tmut       17%        N/A       30%         4
d - Blink                 Tloc           N/A        N/A       26%         2

Your spell library contained the following spells:

 Spells                   Type           Power      Damage    Failure   Level
 Magic Dart               Conj           8%         1d3       17%         1
 Call Imp                 Summ           2%         N/A       26%         2
 Spider Form              Tmut/Pois      5%         N/A       21%         3
 Lesser Beckoning         Tloc           1%         N/A       45%         3
 Mephitic Cloud           Conj/Pois/Air  2%         N/A       45%         3
 Portal Projectile        Hex/Tloc       4%         N/A       45%         3
 Blade Hands              Tmut           9%         N/A       56%         5
 Excruciating Wounds      Necr           1%         N/A       99%         5
 Manifold Assault         Tloc           2%         N/A       99%         5


Dungeon Overview and Level Annotations

Branches:
Dungeon (5/15)             Temple (1/1) D:5         Ossuary (visited)

Altars:
Ashenzari
Cheibriados
Fedhas
Gozag
Hepliaklqana
Kikubaaqudgha
Makhleb
Okawaru
Ru
Trog
Uskayaw
Vehumet
Xom
Zin

Annotations:
D:3 exclusion: 2 downstairs
D:5 exclusion: centaur, Edmund, Sigmund


Innate Abilities, Weirdness & Mutations

One of your tentacles has grown a beastly spike.
You cannot wear most types of armour.
You are amphibious.
You can wear up to eight rings at the same time.
Your skin changes colour to match your surroundings (Stealth+).
Your rubbery body absorbs attacks. (AC +1, EV +1)
((You are camouflaged near water. (Stealth+)))
You have tentacles for arms and can constrict up to eight enemies at once.


Message History

You constrict the orc, but do no damage.
An orc priest comes into view. It is wielding a +0 vorpal trident.
The orc priest calls upon Beogh to heal the orc.
The orc's wounds heal themselves!
The orc barely misses you.
The orc priest shouts!
You hit the orc but do no damage. You constrict the orc.
The orc barely misses you.
Okay, then.
Unknown command.
Okay, then.
Unknown command.
Press: ? - help, v - describe, . - travel
Here: an orc priest, wielding a +0 dagger The floor.
Unknown command.
You hit the orc.
You feel a bit better.
You kill the orc!
Your transformation is almost over.
You barely miss the orc priest. Your grab misses the orc priest.
The orc priest barely misses you.
You hit the orc priest. You grab the orc priest.
The orc priest is moderately wounded.
You constrict the orc priest.
The orc priest looks encouraged for a moment.
You hit the orc priest.
The orc priest is severely wounded.
You constrict the orc priest.
The orc priest hits you with a +0 dagger.
* * * LOW HITPOINT WARNING * * *
Press: ? - help, v - describe, . - travel
Here: an orc priest, wielding a +0 vorpal trident The floor.
Unknown command.
Unknown command.
You hit the orc priest.
You feel a bit better.
You kill the orc priest!
The orc priest invokes the aid of Beogh against you.
Beogh smites you!
You die...
Your body crumbles into a pile of gold.

... #........#...#....# #.
. ..........#...#....# ##.
#..........#...#....####..
#..........#...#....##...#
#..........#...#.......###
#..........#...'.....#....
#..........#...#.......##.
############...#........#.
.........@.....#....##..##
......##$##....#....##...#
.....##8o8##...#....##...#
######.....#####....##....
##8.....8## .....##....
##.........## #.
#8.........8# .. ###
+.....).....+.## .. #.#
#8.........8#...


You could see an orc priest.

Vanquished Creatures
  A hound (D:4)
  An orc priest (D:5)
  A bullfrog skeleton (D:4)
  An iguana (D:5)
  An orc wizard (D:5)
  Ijyb (D:3)
  A mummy (Ossuary)
  9 adders
  A river rat (D:4)
  An ufetubus (D:4)
  A dart slug (D:2)
  6 orcs
  2 spectral bats (Ossuary)
  10 ball pythons
  4 endoplasms
  7 giant cockroaches
  12 gnoll zombies (Ossuary)
  5 goblins
  3 hobgoblins
  3 jackals (D:4)
  8 kobolds
  6 quokkas
  3 bats
  2 bat simulacra (Ossuary)
  A frilled lizard (D:3)
  A goblin simulacrum (Ossuary)
  3 goblin zombies (Ossuary)
  8 hobgoblin zombies (Ossuary)
  6 kobold simulacra (Ossuary)
  2 kobold zombies (Ossuary)
  5 orc zombies (Ossuary)
  12 rats
  2 rat simulacra (Ossuary)
  2 spectral goblins (Ossuary)
  2 spectral kobolds (Ossuary)
  2 spectral rats (Ossuary)
136 creatures vanquished.

Notes
Turn   | Place    | Note
-------+----------+-------------------------------------------
     0 | D:1      | AarnesTheHuman the Octopode Transmuter began the quest for
                  | the Orb.
     0 | D:1      | Reached XP level 1. HP: 13/13 MP: 3/3
    85 | D:1      | Reached skill level 1 in Stealth
   384 | D:1      | Reached XP level 2. HP: 18/18 MP: 3/5
   783 | D:1      | Reached skill level 1 in Shields
  1120 | D:2      | Reached XP level 3. HP: 19/23 MP: 6/6
  1126 | D:2      | Learned a level 2 spell: Wereblood
  1392 | D:2      | You fall into a shaft and drop 2 floors!
  1392 | D:4      | Noticed Ijyb
  1681 | D:3      | Found a faded altar of an unknown god.
  1725 | D:3      | Reached skill level 3 in Transmutations
  1793 | D:3      | Reached XP level 4. HP: 23/28 MP: 8/8
  2303 | D:2      | Learned a level 4 spell: Ice Form
  2773 | D:3      | Reached XP level 5. HP: 28/33 MP: 9/9
  2919 | D:3      | Reached skill level 1 in Ice Magic
  3102 | D:4      | Reached skill level 4 in Transmutations
  3739 | D:4      | Reached XP level 6. HP: 38/38 MP: 7/10
  4234 | D:3      | Killed Ijyb
  4673 | D:5      | Entered Level 5 of the Dungeon
  4840 | D:5      | Found a staircase to the Ecumenical Temple.
  4865 | D:5      | Found a sand-covered staircase.
  4865 | D:5      | Noticed Edmund
  4918 | Ossuary  | Entered an ossuary
  5344 | Ossuary  | Learned a level 2 spell: Blink
  5423 | Temple   | Entered the Ecumenical Temple
  5740 | Temple   | Became a worshipper of Gozag Ym Sagoz the Greedy
  5780 | D:5      | Noticed Sigmund
  5820 | D:5      | Killed from afar by an orc priest

Illustrated notes

Levels and vault maps discovered:
D:1:      psy_arrival_statuary, layout_basic
D:2:      layout_basic, minmay_unequal
D:3:      layout_basic, shapermc_ecumenical_altar_venn
D:4:      layout_cave_pools, portal_sewer_entry_c, uniq_ijyb
D:5:      layout_basic, nemelex_xobeh_ov_fountains_minmay,
          minmay_temple_entry_slanted, nicolae_ossuary_entry_false_entrances,
          dk_noncrumbling_4, hangedman_decor_points, uniq_edmund,
          uniq_eustachio, uniq_menkaure, uniq_sigmund
Temple:   minmay_temple_curvy_branch

Skill      XL: |  1  2  3  4  5 |
---------------+----------------+-----
Stealth        | 1 |  1.0
Shields        | 1 |  1.0
Transmutations | 3 4 |  4.6
Spellcasting   | 3 |  3.0
Ice Magic      | 3 |  3.8
Fighting       | |  1.0
Dodging        | |  2.0
Unarmed Combat | |  3.0

Action                   |  1- 3 |  4- 6 || total
-------------------------+-------+-------++-------
Melee: Unarmed           |    19 |    15 ||    34
       Tentacles         |    10 |    36 ||    46
       Constrict         |    18 |    56 ||    74
       Kick              |     4 |    24 ||    28
       Dagger            |    60 |   203 ||   263
       Punch             |       |     4 ||     4
 Fire: Hunting sling     |       |     4 ||     4
Throw: Dart              |       |     1 ||     1
 Cast: Beastly Appendage |     7 |    11 ||    18
       Wereblood         |       |    16 ||    16
       Ice Form          |       |     1 ||     1
  Use: Scroll            |       |     9 ||     9
 Stab: Sleeping          |    10 |     7 ||    17
Armor: Skin              |     3 |    11 ||    14
Dodge: Dodged            |    46 |    75 ||   121
Block: Buckler           |    15 |    47 ||    62
       Other             |       |    14 ||    14
